AoeStats
← _LY_抖音肥龙

African Clearing

506700619Analyzed
4v4 RM · 17d ago on Sep 14, 2026· 53m 28s· 8 players
Game mode
Random Map
Map size
Large (8 player)
Population
200
Speed
Normal
Resources
Standard
Victory
Conquest
Starting age
Dark Age
Ending age
Imperial Age
RankedLock teamsTeams togetherTeam positionsShared explorationLock speedFull tech treeHidden civsTurbo modeCheats
Victory
Defeat
🇧🇷 Magyars · Brazil
1817
+14
🇧🇷 Cumans · Brazil
1747
+16
🇧🇷 Mongols · Brazil
1696
+19
🇧🇷 Spanish · Brazil
1651
+20
🇨🇳 Tatars · China
1895
-23
🇭🇰 Chinese · Hong Kong SAR China
1814
-20
🇨🇳 Mongols · China
1674
-14
🇨🇳 Vietnamese · China
1637
-12
coxinha_iodo
3:06 Loom
11:34 Feudal Age
12:33 Double-Bit Axe
14:04 Fletching
20:54 Castle Age
20:52 Horse Collar
22:01 Bow Saw
22:09 Bow Saw
25:25 Bodkin Arrow
29:52 Ballistics
30:23 Gold Mining
35:13 Imperial Age
33:27 Wheelbarrow
32:38 Town Watch
35:18 Stone Mining
35:56 Bracer
36:15 Hand Cart
37:41 Chemistry
37:15 Padded Archer Armor
39:25 Bloodlines
41:21 Conscription
41:22 Onager
43:21 Husbandry
43:47 Parthian Tactics
43:28 Thumb Ring
43:33 Siege Engineers
45:28 Capped Ram
45:58 Elite Mangudai
47:53 Leather Archer Armor
48:28 Siege Ram
49:31 Drill
51:04 Siege Onager
Fs.Diablo
6:22 Loom
12:10 Feudal Age
14:10 Double-Bit Axe
19:54 Wheelbarrow
31:52 Castle Age
29:51 Town Watch
31:35 Gold Mining
31:36 Stone Mining
33:08 Bow Saw
33:13 Bloodlines
35:37 Hand Cart
38:02 Horse Collar
41:30 Imperial Age
40:50 Scale Barding Armor
40:55 Forging
42:14 Gold Shaft Mining
41:30 Stone Mining
42:54 Chain Barding Armor
41:55 Cavalier
43:12 Conscription
45:05 Plate Barding Armor
46:03 Paladin
48:21 Iron Casting
47:43 Capped Ram
48:53 Light Cavalry
50:34 Blast Furnace
55:00 Two-Man Saw
GAX | Tyrav
10:15 Loom
13:35 Feudal Age
17:31 Castle Age
16:33 Double-Bit Axe
17:17 Scale Barding Armor
18:30 Bloodlines
19:47 Scale Barding Armor
20:20 Bloodlines
22:25 Padded Archer Armor
26:35 Leather Archer Armor
28:51 Horse Collar
29:24 Bow Saw
29:37 Husbandry
40:49 Gold Mining
44:19 Imperial Age
44:39 Wheelbarrow
44:25 Heavy Plow
46:16 Ring Archer Armor
50:18 Light Cavalry
53:31 Scale Barding Armor
53:18 Elite Conquistador
Fs.TARTARUGA VELOZ
4:39 Loom
13:05 Feudal Age
13:08 Man-at-Arms
14:13 Double-Bit Axe
19:40 Fletching
20:22 Horse Collar
26:50 Castle Age
27:43 Bodkin Arrow
37:15 Wheelbarrow
38:48 Ballistics
39:36 Husbandry
40:48 Hand Cart
40:47 Bow Saw
40:57 Padded Archer Armor
41:29 Bloodlines
46:23 Imperial Age
45:01 Thumb Ring
46:00 Leather Archer Armor
46:31 Town Watch
47:04 Recurve Bow
46:58 Heavy Cavalry Archer
48:08 Parthian Tactics
48:13 Bracer
49:57 Chemistry
48:53 Elite Skirmisher
50:57 Ring Archer Armor
51:09 Conscription
52:21 Two-Man Saw
51:22 Heavy Plow
51:12 Gold Mining
51:13 Stone Mining
52:27 Coinage
51:37 Light Cavalry
52:24 Scale Barding Armor
53:38 Banking
54:10 Chain Barding Armor
53:12 Hussar
_LY_抖音肥龙
2:40 Loom
13:11 Feudal Age
17:19 Castle Age
15:41 Double-Bit Axe
16:29 Fishing Lines
18:37 Wheelbarrow
19:09 Bow Saw
20:53 Fletching
21:45 Bodkin Arrow
24:01 Padded Archer Armor
30:12 Leather Archer Armor
29:38 Horse Collar
36:01 Hand Cart
36:59 Thumb Ring
40:33 Imperial Age
38:03 Gold Mining
39:45 Coinage
39:27 Masonry
39:37 Ballistics
39:30 Masonry
40:00 Gold Shaft Mining
39:16 Stone Mining
40:44 Stone Shaft Mining
40:37 Capped Ram
41:17 Bracer
42:18 Chemistry
42:19 Two-Man Saw
41:40 Conscription
41:54 Banking
42:25 Ring Archer Armor
41:44 Siege Ram
43:06 Elite Chu Ko Nu
45:12 Town Watch
46:01 Bombard Tower
48:22 Heavy Rocket Cart
云层贩卖心动
8:20 Loom
11:46 Feudal Age
17:44 Bloodlines
22:27 Double-Bit Axe
23:28 Horse Collar
26:48 Castle Age
29:36 Heavy Plow
31:03 Scale Barding Armor
37:14 Husbandry
40:23 Bow Saw
42:31 Wheelbarrow
47:32 Imperial Age
45:05 Padded Archer Armor
44:58 Fletching
45:59 Gold Mining
46:27 Hand Cart
47:10 Leather Archer Armor
46:51 Bodkin Arrow
50:18 Chemistry
49:39 Ballistics
49:31 Bracer
49:56 Conscription
50:27 Chain Barding Armor
50:17 Forging
49:33 Elite Steppe Lancer
52:58 Gold Shaft Mining
52:14 Stone Mining
53:31 Iron Casting
aimbot
8:17 Loom
12:22 Feudal Age
13:38 Man-at-Arms
24:10 Double-Bit Axe
26:05 Horse Collar
29:47 Castle Age
29:00 Gold Mining
29:01 Stone Mining
29:04 Gold Mining
30:27 Wheelbarrow
31:04 Bow Saw
30:53 Town Watch
31:57 Fletching
34:20 Bodkin Arrow
38:42 Padded Archer Armor
40:27 Stone Shaft Mining
45:31 Imperial Age
48:08 Leather Archer Armor
49:22 Bracer
49:53 Ring Archer Armor
50:33 Two-Man Saw
CNZS_Bad Koala
12:46 Feudal Age
12:18 Loom
16:21 Castle Age
14:40 Double-Bit Axe
15:21 Horse Collar
23:18 Scale Barding Armor
26:35 Bow Saw
26:48 Fletching
29:33 Bloodlines
29:49 Ballistics
29:47 Town Watch
31:25 Husbandry
31:58 Bodkin Arrow
37:58 Wheelbarrow
37:49 Padded Archer Armor
39:06 Gold Mining
43:51 Imperial Age
42:20 Leather Archer Armor
44:46 Bracer
45:47 Chemistry
44:49 Heavy Cavalry Archer
51:57 Hand Cart
52:30 Chain Barding Armor
52:20 Forging
51:31 Light Cavalry
53:15 Gold Shaft Mining
Connection lost

Rejoining the realm…

Still unreachable

The connection could not be restored.

Session expired

The server has moved on; the page needs a fresh start.